[Event "Titled Tuesday Blitz March 22 Late 2022"]
[White "Perez Torres, Nabi Isaias"]
[Black "Krstulovic, Alex"]
[WhiteFideId "5120373"]
[BlackFideId "760056"]
[WhiteElo "1755"]
[BlackElo "2193"]
[Result "0-1"]
[Round "03"]
[TimeControl "180+1"]
[Date "2022.03.22"]
[WhiteClock "0:00:21"]
[BlackClock "0:00:26"]

1. d4 Nf6 2. c4 e6 3. Nf3 d5 4. e3 b6 5. Nc3 Bb7 6. cxd5 exd5 7. Bb5+ c6 8. Bd3 Bd6 9. O-O c5 10. dxc5 bxc5 11. b3 O-O 12. Bb2 Nbd7 13. Rc1 Rc8 14. Bb1 Bb8 15. Ne2 Qc7 16. Ng3 Rfe8 17. b4 Ne4 18. bxc5 Ndxc5 19. Qd4 f6 20. Rfd1 Qb6 21. Ba1 Be5 22. Nxe5 fxe5 23. Qb2 Qf6 24. Nxe4 Nxe4 25. Bxe4 Rb8 26. Bd3 d4 27. exd4 Bxg2 28. Qe2 Bf3 29. dxe5 Qg5+ 30. Kf1 Qg2+ 31. Ke1 Bxe2 32. Bxe2 Rb4 33. Rc7 Qg1+ 34. Kd2 Rd8+ 35. Kc2 Rxd1 36. Bxd1 Qxf2+ 37. Kc1 Qe3+ 38. Kc2 Qe4+ 39. Kd2 Qd5+ 40. Ke1 Re4+ 41. Kf2 Qd2+ 42. Kf3 Re3+ 43. Kf4 Rc3+ 0-1


[Site "https://www.chess.com"]

[Event "Titled Tuesday Blitz March 22 Late 2022"]
[White "Pichot, Alan"]
[Black "Perera Alfonso, Rene Humberto"]
[WhiteFideId "110973"]
[BlackFideId "3514722"]
[WhiteElo "2579"]
[BlackElo "2313"]
[Result "1-0"]
[Round "03"]
[TimeControl "180+1"]
[Date "2022.03.22"]
[WhiteClock "0:00:33"]
[BlackClock "0:00:20"]

1. e4 c5 2. Nf3 d6 3. d4 cxd4 4. Nxd4 Nf6 5. Nc3 g6 6. Be3 Bg7 7. f3 O-O 8. Qd2 Nc6 9. O-O-O Nxd4 10. Bxd4 Be6 11. g4 Qa5 12. a3 Rfc8 13. h4 b5 14. Bxf6 Bxf6 15. Nd5 Qxd2+ 16. Rxd2 Bxd5 17. Rxd5 a6 18. g5 Be5 19. Be2 Rc5 20. Rxc5 dxc5 21. b3 Rd8 22. Bd3 Rd4 23. Kb1 c4 24. bxc4 bxc4 25. Be2 a5 26. Rf1 Bg3 27. c3 Rd2 28. Bxc4 e5 29. Bd5 Rf2 30. Rc1 Rxf3 31. c4 Rb3+ 32. Ka2 Rb8 33. c5 Rc8 34. c6 Rc7 35. Rb1 Bf2 36. Rf1 Bb6 37. Kb3 Kf8 38. Kc4 Ke8 39. Kb5 Bd4 40. Kxa5 Kd8 41. Kb5 Ra7 42. a4 Bc3 43. Rxf7 Rxf7 44. Bxf7 Kc7 45. a5 Be1 46. a6 Bf2 47. Bg8 Kb8 48. Bxh7 Bxh4 49. Kc5 Bxg5 50. Kd6 Bd8 51. Bxg6 Bc7+ 52. Kd7 Ba5 53. a7+ Kxa7 54. c7 1-0


[Site "https://www.chess.com"]

[Event "Titled Tuesday Blitz March 22 Late 2022"]
[White "Postnikov, Daniil"]
[Black "Bok, Benjamin"]
[WhiteFideId "4166329"]
[BlackFideId "1017063"]
[WhiteElo "2261"]
[BlackElo "2658"]
[Result "0-1"]
[Round "03"]
[TimeControl "180+1"]
[Date "2022.03.22"]
[WhiteClock "0:00:04"]
[BlackClock "0:00:06"]

1. e4 c5 2. Nf3 d6 3. Bb5+ Nd7 4. d4 cxd4 5. Qxd4 a6 6. Bxd7+ Bxd7 7. c4 Nf6 8. Bg5 e6 9. Nc3 h6 10. Bh4 Be7 11. O-O O-O 12. a4 Qa5 13. b3 Rfd8 14. Qd3 Bc6 15. Nd4 Qh5 16. Nxc6 bxc6 17. Bg3 a5 18. Rfd1 Nd7 19. Qc2 Nc5 20. f3 Rab8 21. Rab1 e5 22. Ne2 Bh4 23. Qc3 Rb4 24. Rb2 Rdb8 25. Qd2 Be7 26. Nc1 Nxa4 27. Ra2 Nc5 28. Rxa5 Nxb3 29. Nxb3 Rxb3 30. c5 dxc5 31. Qe1 f6 32. Ra7 Bf8 33. h3 Qg6 34. Kh2 Rb2 35. Rd2 c4 36. Qc1 Rxd2 37. Qxd2 Bc5 38. Qd7 Bxa7 39. Qxa7 Qe8 40. Qc5 Qe6 41. f4 exf4 42. Bxf4 Re8 43. Bg3 Qxe4 44. Qa7 Qd5 45. Qa2 c3 46. Qc2 Qc4 47. Qg6 Qf7 48. Qd3 Qd5 49. Qxc3 Re2 0-1


[Site "https://www.chess.com"]

[Event "Titled Tuesday Blitz March 22 Late 2022"]
[White "Prohorov, Olexandr"]
[Black "Luo, Terry"]
[WhiteFideId "14105578"]
[BlackFideId "30931045"]
[WhiteElo "1993"]
[BlackElo "2024"]
[Result "1/2-1/2"]
[Round "03"]
[TimeControl "180+1"]
[Date "2022.03.22"]
[WhiteClock "0:00:04"]
[BlackClock "0:01:44"]

1. Nf3 Nf6 2. c4 g6 3. Nc3 Bg7 4. g3 O-O 5. Bg2 c5 6. O-O Nc6 7. d3 d6 8. a3 a6 9. Rb1 Rb8 10. b4 cxb4 11. axb4 b5 12. cxb5 axb5 13. d4 Bf5 14. Rb3 d5 15. Ne5 Qb6 16. Be3 Rfd8 17. h3 Nxe5 18. dxe5 d4 19. exf6 dxe3 20. Nd5 exf2+ 21. Kh2 Rxd5 22. Bxd5 Bxf6 23. e4 Be6 24. Bxe6 fxe6 25. Qd2 Bd4 26. Rf3 e5 27. Qa2+ e6 28. Rf6 Re8 29. Qb3 Qd6 30. Qf3 Qxb4 31. h4 Rf8 32. Kg2 Rxf6 33. Qxf6 Qf8 34. Qxf8+ Kxf8 35. Rb1 Kf7 36. Rxb5 Kf6 37. Rb8 Kg7 38. Rb7+ Kf6 39. Rxh7 Be3 40. Rb7 Bd4 41. Rc7 g5 42. hxg5+ Kxg5 43. Re7 Kf6 44. Rc7 Be3 45. Rc3 Bd4 46. Rc6 Ke7 47. Ra6 Kd7 48. Kf1 Ke7 49. Kg2 Kf6 50. Kf1 Kf7 51. Kg2 Kf6 52. Rc6 Be3 53. Ra6 Bd4 1/2-1/2


[Site "https://www.chess.com"]

[Event "Titled Tuesday Blitz March 22 Late 2022"]
[White "Przybylski, Wojciech"]
[Black "Zhukov, Maksim"]
[WhiteFideId "1117599"]
[BlackFideId "34181790"]
[WhiteElo "2133"]
[BlackElo "1978"]
[Result "0-1"]
[Round "03"]
[TimeControl "180+1"]
[Date "2022.03.22"]
[WhiteClock "0:00:01"]
[BlackClock "0:00:05"]

1. e4 c6 2. Nc3 d5 3. Nf3 dxe4 4. Nxe4 Nd7 5. g3 Ngf6 6. Nc3 b6 7. Bg2 Bb7 8. O-O c5 9. Re1 e6 10. d3 Bd6 11. h3 O-O 12. Ne4 Be7 13. Bf4 Rc8 14. Nd6 Bxd6 15. Bxd6 Re8 16. Bf4 Nd5 17. Bg5 Qc7 18. a4 h6 19. Bd2 Red8 20. c3 Ba6 21. Qc2 Nf8 22. Rad1 Ng6 23. Bc1 Nde7 24. b3 Rd7 25. c4 Rcd8 26. Bb2 Nc6 27. h4 Nf8 28. Ne5 Nxe5 29. Bxe5 Qc8 30. Bb2 Bb7 31. Re3 Bxg2 32. Kxg2 f6 33. Qe2 e5 34. Qg4 Rd6 35. Qe2 Ne6 36. h5 Qd7 37. Qf3 Ng5 38. Qe2 e4 39. Rxe4 Nxe4 40. Qxe4 Rxd3 41. Re1 Rd6 42. Bc1 Qc6 43. Bf4 Qxe4+ 44. Rxe4 R6d7 45. Be3 Kf7 46. a5 Re8 47. Rh4 Rd3 48. axb6 axb6 49. b4 cxb4 50. c5 bxc5 51. Bxc5 b3 52. Rb4 Rc8 53. Be3 Rc2 54. Kf3 b2 55. Rb7+ Ke6 56. Rb6+ Rd6 57. Rb3 Rd1 58. Rb6+ Kd5 59. Rb5+ Kc6 60. Rb6+ Kc7 61. Rb4 b1=Q 62. Rg4 Rd3 63. Rxg7+ Rd7 64. Rg6 Qb7+ 65. Kg4 Qe4+ 66. Kh3 Qh1+ 67. Kg4 Rc4+ 68. Bf4+ Rxf4+ 69. Kxf4 Qxh5 70. Rg8 Rd4+ 71. Ke3 Qe5+ 72. Kf3 Qe4# 0-1


[Site "https://www.chess.com"]

[Event "Titled Tuesday Blitz March 22 Late 2022"]
[White "Rangel, Daniel"]
[Black "Dardha, Daniel"]
[WhiteFideId "2124475"]
[BlackFideId "240990"]
[WhiteElo "2507"]
[BlackElo "2720"]
[Result "0-1"]
[Round "03"]
[TimeControl "180+1"]
[Date "2022.03.22"]
[WhiteClock "0:00:04"]
[BlackClock "0:00:34"]

1. d4 f5 2. Nf3 Nf6 3. g3 d6 4. Bg2 g6 5. O-O Bg7 6. b3 O-O 7. Bb2 c6 8. c4 Nbd7 9. d5 cxd5 10. cxd5 Nb6 11. Ng5 h6 12. Ne6 Bxe6 13. dxe6 d5 14. Nc3 Ne4 15. Rc1 Rc8 16. Na4 Bxb2 17. Rxc8 Qxc8 18. Nxb2 Qxe6 19. Nd3 Qd6 20. Nf4 e5 21. Nd3 Nf6 22. f4 e4 23. Ne5 Kg7 24. Qd4 Rc8 25. g4 Qc5 26. Qxc5 Rxc5 27. gxf5 gxf5 28. Bh3 Rc2 29. e3 Re2 30. Kh1 Ng4 31. Bxg4 fxg4 32. f5 Rxe3 33. f6+ Kf8 34. f7 Rf3 35. Nxf3 gxf3 36. Kg1 Kxf7 37. Kf2 Ke6 38. Rc1 d4 39. Rc7 Nd5 40. Rxb7 d3 41. Rh7 d2 42. Rxh6+ Ke5 43. Rh5+ Kd4 0-1


[Site "https://www.chess.com"]

[Event "Titled Tuesday Blitz March 22 Late 2022"]
[White "Rastbod, Ali"]
[Black "Cappai, Davide"]
[WhiteFideId "12567477"]
[BlackFideId "813338"]
[WhiteElo "2200"]
[BlackElo "2295"]
[Result "1-0"]
[Round "03"]
[TimeControl "180+1"]
[Date "2022.03.22"]
[WhiteClock "0:00:35"]
[BlackClock "0:00:34"]

1. c4 g6 2. g3 c6 3. Nf3 Bg7 4. Bg2 e5 5. O-O d6 6. d4 exd4 7. Nxd4 Nf6 8. Nc3 O-O 9. Bf4 Nh5 10. Be3 Re8 11. Qd2 Qe7 12. Rfd1 Na6 13. Bg5 Bf6 14. Bxf6 Nxf6 15. Nc2 Be6 16. Qxd6 Bxc4 17. Ne3 Qxd6 18. Rxd6 Be6 19. Rad1 Kf8 20. a3 Ke7 21. b4 Rad8 22. Rxd8 Rxd8 23. Rxd8 Kxd8 24. b5 Nb8 25. bxc6 Nxc6 26. Bxc6 bxc6 27. f3 Kc7 28. Kf2 Kb6 29. Nc2 c5 30. e4 Bb3 31. Ne3 Nd7 32. f4 Kc6 33. e5 Be6 34. g4 Bb3 35. Ke2 Nb6 36. Kd3 Nd5 37. Nexd5 Bxd5 38. f5 Bf3 39. e6 fxe6 40. f6 Kd7 41. g5 Bd5 42. Ne2 Ke8 43. Ke3 Kd7 44. Nf4 Kd6 45. h4 Kd7 46. Nd3 c4 47. Ne5+ Ke8 48. Kd4 a5 49. Nxc4 Bxc4 50. Kxc4 Kd7 51. Kc5 a4 52. Kb4 e5 53. Kxa4 e4 54. Kb3 1-0


[Site "https://www.chess.com"]

[Event "Titled Tuesday Blitz March 22 Late 2022"]
[White "Reprintsev, Alexander"]
[Black "Papasimakopoulos, Alexandros"]
[WhiteFideId "14100541"]
[BlackFideId "4244125"]
[WhiteElo "2487"]
[BlackElo "2709"]
[Result "0-1"]
[Round "03"]
[TimeControl "180+1"]
[Date "2022.03.22"]
[WhiteClock "0:00:08"]
[BlackClock "0:00:10"]

1. e4 e6 2. Qe2 c5 3. b3 Nc6 4. Bb2 d6 5. f4 e5 6. Qf2 Nf6 7. Nc3 Be7 8. O-O-O Ng4 9. Qe1 exf4 10. Nd5 O-O 11. Nh3 Bh4 12. Qe2 Nd4 13. Bxd4 cxd4 14. Nhxf4 Nf2 15. g3 Nxh1 16. gxh4 Qxh4 17. Bg2 Bg4 18. Bf3 Nf2 19. Rg1 h5 20. Bxg4 Nxg4 21. h3 Qf2 22. Nf6+ Kh8 23. Qxf2 Nxf2 24. N6xh5 Nxe4 25. d3 g6 26. dxe4 gxh5 27. Rg5 Rg8 28. Rxh5+ Kg7 29. Rd5 Rad8 30. Rxd4 Rh8 31. Rd3 Rh4 32. Nd5 Rxe4 33. Rg3+ Kf8 34. Nf6 Re6 35. Rg8+ Ke7 36. Nd5+ Kd7 37. Rg7 Rf8 38. Kb2 Rg6 39. Rh7 Rg2 40. Nf4 Rf2 41. Ng6 Rg8 42. Nh4 Kc6 43. a4 a5 44. Rh5 Rg3 45. Nf5 Rgg2 46. Nd4+ Kc7 47. Kc3 b6 48. Kc4 Rf4 49. c3 Rg3 50. Rh7 Rf1 51. Kb5 Rxc3 52. h4 Rf4 53. Ne6+ Kb7 54. Nxf4 Rc5# 0-1


[Site "https://www.chess.com"]

[Event "Titled Tuesday Blitz March 22 Late 2022"]
[White "Rolfe, Warrick"]
[Black "Petrova, Irina"]
[WhiteFideId "2603802"]
[BlackFideId "14124122"]
[WhiteElo "2550"]
[BlackElo "1993"]
[Result "1-0"]
[Round "03"]
[TimeControl "180+1"]
[Date "2022.03.22"]
[WhiteClock "0:02:05"]
[BlackClock "0:01:04"]

1. e4 d6 2. Bc4 Nf6 3. d3 e5 4. Nc3 Be7 5. f4 O-O 6. f5 c6 7. Bb3 d5 8. Qf3 d4 9. Nce2 Bb4+ 10. c3 dxc3 11. bxc3 Be7 12. g4 Nfd7 13. Ng3 Nc5 14. Bc2 Bg5 15. Bxg5 Qxg5 16. h4 Qe7 17. N1e2 b6 18. g5 f6 19. d4 exd4 20. cxd4 Nca6 21. Bb3+ Kh8 22. Qh5 Qb4+ 23. Kf1 Nd7 24. Nf4 Qb5+ 25. Kg1 1-0


[Site "https://www.chess.com"]

[Event "Titled Tuesday Blitz March 22 Late 2022"]
[White "Romanchuk, Viktor"]
[Black "Oro, Luis"]
[WhiteFideId "14109271"]
[BlackFideId "104094"]
[WhiteElo "2242"]
[BlackElo "2309"]
[Result "1/2-1/2"]
[Round "03"]
[TimeControl "180+1"]
[Date "2022.03.22"]
[WhiteClock "0:00:38"]
[BlackClock "0:00:32"]

1. d4 Nf6 2. c4 g6 3. Nc3 Bg7 4. Nf3 d6 5. g3 O-O 6. Bg2 Nbd7 7. O-O e5 8. e4 exd4 9. Nxd4 Re8 10. h3 Nc5 11. Re1 a5 12. Qc2 Ng4 13. Nf3 Nf6 14. Bf4 Be6 15. b3 Nfd7 16. Rad1 Qc8 17. Kh2 a4 18. Nd4 axb3 19. axb3 Ra3 20. Ncb5 Ra6 21. b4 Na4 22. Be3 Nab6 23. c5 dxc5 24. bxc5 Nc4 25. Nxe6 Nxe3 26. Rxe3 Raxe6 27. h4 f5 28. exf5 Rxe3 29. fxe3 Ne5 30. fxg6 Ng4+ 31. Kh1 Nxe3 32. Qb3+ Kh8 33. Re1 Nxg2 34. Rxe8+ Qxe8 35. Kxg2 Qe2+ 36. Kh3 Qf1+ 37. Kh2 Qf2+ 38. Kh3 Qf1+ 39. Kg4 Qe2+ 40. Kh3 Qf1+ 1/2-1/2


[Site "https://www.chess.com"]

[Event "Titled Tuesday Blitz March 22 Late 2022"]
[White "Rozman, Levy"]
[Black "Donchenko, Anatoly"]
[WhiteFideId "2039877"]
[BlackFideId "4106091"]
[WhiteElo "2376"]
[BlackElo "2339"]
[Result "1-0"]
[Round "03"]
[TimeControl "180+1"]
[Date "2022.03.22"]
[WhiteClock "0:00:42"]
[BlackClock "0:00:53"]

1. d4 d5 2. c4 dxc4 3. Nf3 a6 4. e4 b5 5. a4 Bb7 6. Nc3 b4 7. Bxc4 e6 8. Qb3 Qc8 9. d5 e5 10. Na2 Bd6 11. Nxb4 Nf6 12. Bd3 Nbd7 13. O-O Nc5 14. Qc2 Nxd3 15. Nxd3 O-O 16. Ndxe5 Re8 17. Nc6 Nxe4 18. Be3 Bxc6 19. dxc6 Qf5 20. Rfe1 Qh5 21. h3 h6 22. Rad1 Rab8 23. Ba7 Ra8 24. Rxe4 Rxe4 25. Qxe4 Rxa7 26. Rd5 Qg6 27. Qxg6 fxg6 28. Ne5 Ra8 29. Nxg6 Rb8 30. Rxd6 cxd6 31. c7 Ra8 32. c8=R+ Kf7 33. Rxa8 1-0


[Site "https://www.chess.com"]

[Event "Titled Tuesday Blitz March 22 Late 2022"]
[White "Rudykh, Stepan"]
[Black "Kashefi, Amir Hosein"]
[WhiteFideId "4180321"]
[BlackFideId "12557935"]
[WhiteElo "2143"]
[BlackElo "2107"]
[Result "0-1"]
[Round "03"]
[TimeControl "180+1"]
[Date "2022.03.22"]
[WhiteClock "0:00:27"]
[BlackClock "0:00:04"]

1. e4 c6 2. d4 d5 3. Nc3 dxe4 4. Nxe4 Nd7 5. Bd3 Ngf6 6. Ng5 h6 7. Ne6 Qb6 8. Bf4 fxe6 9. Bg6+ Kd8 10. Nf3 Nd5 11. Bg3 Qxb2 12. O-O Qc3 13. Re1 e5 14. Bxe5 Nxe5 15. Nxe5 Kc7 16. Rb1 e6 17. Rb3 Qa5 18. c4 Nf4 19. Be4 Bd6 20. Nf7 Rf8 21. Nxd6 Kxd6 22. Rbe3 Bd7 23. Qg4 Qg5 24. Qd1 Kc7 25. d5 exd5 26. cxd5 c5 27. d6+ Kc8 28. Rb3 Rb8 29. Qb1 b6 30. Ree3 Qf6 31. Rf3 g5 32. Qf1 Qxd6 33. Qa6+ Kd8 34. Rbd3 Ne2+ 35. Kf1 Nd4 36. Rxf8+ Qxf8 37. Qxa7 Qd6 38. h4 Bb5 39. Qg7 Bxd3+ 40. Bxd3 gxh4 41. Qg8+ Kc7 42. Qg7+ Qd7 43. Qe5+ Kb7 44. Be4+ Ka7 45. Qf4 Qb5+ 46. Kg1 Ne2+ 0-1


[Site "https://www.chess.com"]

[Event "Titled Tuesday Blitz March 22 Late 2022"]
[White "Rustemov, Alexander"]
[Black "Sztokbant, Bernardo Vainzoff"]
[WhiteFideId "4119002"]
[BlackFideId "2115956"]
[WhiteElo "2787"]
[BlackElo "2541"]
[Result "1-0"]
[Round "03"]
[TimeControl "180+1"]
[Date "2022.03.22"]
[WhiteClock "0:00:23"]
[BlackClock "0:00:01"]

1. d4 Nf6 2. c4 e6 3. Nf3 d5 4. Nc3 Be7 5. Bg5 O-O 6. e3 h6 7. Bh4 b6 8. cxd5 Nxd5 9. Bxe7 Qxe7 10. Nxd5 exd5 11. Rc1 Be6 12. Qa4 c5 13. Qa3 Nd7 14. Ba6 Rad8 15. O-O Qf6 16. Be2 c4 17. b3 b5 18. Qa6 Rb8 19. a4 cxb3 20. axb5 Bf5 21. Qa3 Bc2 22. Nd2 a6 23. Nxb3 Qg6 24. Qb2 Rfc8 25. Na1 Be4 26. Rxc8+ Rxc8 27. f3 Bf5 28. bxa6 Bd3 29. Qa2 Ra8 30. Qxd5 Rxa6 31. Bxd3 Qxd3 32. Qxd7 Qxe3+ 33. Kh1 Ra2 34. Qc8+ Kh7 35. Qf5+ Kg8 36. Qc8+ Kh7 37. Qc1 Qe2 38. Rg1 Rd2 39. Nb3 Rc2 40. Qd1 Qf2 41. d5 Rb2 42. d6 Qb6 43. d7 Qd8 44. Nc5 Rb5 45. Qd3+ Kg8 46. Qxb5 1-0


[Site "https://www.chess.com"]

[Event "Titled Tuesday Blitz March 22 Late 2022"]
[White "Sailer, Mike"]
[Black "Daianu, Cristian-Clement"]
[WhiteFideId "2012901"]
[BlackFideId "1208926"]
[WhiteElo "2109"]
[BlackElo "2159"]
[Result "0-1"]
[Round "03"]
[TimeControl "180+1"]
[Date "2022.03.22"]
[WhiteClock "0:00:01"]
[BlackClock "0:00:13"]

1. d4 f5 2. e4 fxe4 3. Nc3 Nf6 4. Bg5 d6 5. Bxf6 exf6 6. Nxe4 d5 7. Ng3 c6 8. Bd3 Qe7+ 9. N1e2 Bg4 10. f3 Bd7 11. Qd2 Na6 12. c3 Nc7 13. O-O-O O-O-O 14. Rhe1 g6 15. Kb1 Qf7 16. Nf4 Bd6 17. Bc2 Rde8 18. Nd3 Kb8 19. Bb3 h5 20. Rxe8+ Rxe8 21. Re1 h4 22. Nf1 Bf5 23. Bc2 g5 24. Ka1 a6 25. Ne3 Bxd3 26. Bxd3 Bxh2 27. Nf5 Bf4 28. Qd1 Rxe1 29. Qxe1 Qe6 30. Qd1 Nb5 31. a3 Nd6 32. Nxd6 Bxd6 33. Ka2 h3 34. gxh3 Qxh3 35. Qe2 Qd7 36. Qe1 Ka7 37. Qh1 Qe7 38. Qh8 Qf8 39. Qxf8 Bxf8 40. Bf5 Kb6 41. b3 Kc7 42. c4 b6 43. a4 dxc4 44. bxc4 Kd6 45. Kb3 c5 46. d5 a5 47. Be4 Ke5 48. Bd3 f5 49. Kc3 Bg7 50. Kd2 g4 51. fxg4 fxg4 52. Ke3 Bh6+ 53. Kf2 Kd4 54. Bf1 Bf4 55. Be2 g3+ 56. Kg2 Kc3 57. Kf3 Bd6 58. Bf1 Kb4 0-1


[Site "https://www.chess.com"]

[Event "Titled Tuesday Blitz March 22 Late 2022"]
[White "Sanchez Alvares, Kelvin Antonio"]
[Black "Delorme, Alban"]
[WhiteFideId "3906680"]
[BlackFideId "623636"]
[WhiteElo "2193"]
[BlackElo "2197"]
[Result "1-0"]
[Round "03"]
[TimeControl "180+1"]
[Date "2022.03.22"]
[WhiteClock "0:01:08"]
[BlackClock "0:00:17"]

1. e4 c5 2. Nf3 Nc6 3. d4 cxd4 4. Nxd4 Nf6 5. Nc3 d6 6. f3 Nxd4 7. Qxd4 g6 8. e5 dxe5 9. Bb5+ Bd7 10. Qxe5 Bg7 11. Be3 O-O 12. Bxd7 Qxd7 13. Qd4 Qc6 14. Qa4 Qxa4 15. Nxa4 Nd5 16. Bd2 Rac8 17. O-O-O b5 18. Bg5 Nb4 19. c3 bxa4 20. Bxe7 Nxa2+ 21. Kb1 Rfe8 22. Rd7 Nxc3+ 23. bxc3 Rxc3 24. Rhd1 Rb8+ 25. Ka2 Be5 26. f4 Rc2+ 27. Ka3 Bb2+ 28. Ka2 Rc1 29. Rd8+ Kg7 30. Rxb8 Rxd1 31. Rxb2 1-0


[Site "https://www.chess.com"]

[Event "Titled Tuesday Blitz March 22 Late 2022"]
[White "Savchenko, Boris"]
[Black "Riehle, Marco"]
[WhiteFideId "4147332"]
[BlackFideId "12904392"]
[WhiteElo "2823"]
[BlackElo "2547"]
[Result "0-1"]
[Round "03"]
[TimeControl "180+1"]
[Date "2022.03.22"]
[WhiteClock "0:00:02"]
[BlackClock "0:00:53"]

1. e4 e5 2. Nf3 Nf6 3. d3 Nc6 4. c4 Bc5 5. h3 d6 6. Nc3 h6 7. Be2 Be6 8. a3 Qd7 9. b4 Bb6 10. Be3 Nh7 11. d4 exd4 12. Nxd4 O-O 13. O-O Rae8 14. Ra2 Ne5 15. Nd5 Bxd5 16. cxd5 Bxd4 17. Qxd4 b6 18. a4 f5 19. Bb5 Qf7 20. Bxe8 Rxe8 21. f3 f4 22. Bc1 g5 23. Rc2 Nf6 24. Kf2 Qg7 25. Ke2 Ng6 26. Bb2 Ne5 27. Rfc1 Re7 28. a5 h5 29. axb6 axb6 30. b5 g4 31. hxg4 hxg4 32. Kd1 gxf3 33. gxf3 Nxf3 34. Qf2 Qg4 35. Qg2 Rxe4 36. Qxg4+ Nxg4 37. Rg2 Nh2 38. Rxc7 f3 39. Rc8+ Kf7 40. Rc7+ Ke8 41. Rgc2 f2 42. Rc8+ Kf7 43. R2c7+ Kg6 44. Rg8+ Kh5 45. Rh7+ Nh6 46. Rf8 f1=Q+ 47. Rxf1 Nxf1 48. Bg7 Ne3+ 49. Kd2 Nf5 50. Kd3 Re7 0-1


[Site "https://www.chess.com"]

[Event "Titled Tuesday Blitz March 22 Late 2022"]
[White "Seo, Jung Min"]
[Black "Manukyan, Sargis A."]
[WhiteFideId "1734687"]
[BlackFideId "13303970"]
[WhiteElo "2401"]
[BlackElo "2187"]
[Result "0-1"]
[Round "03"]
[TimeControl "180+1"]
[Date "2022.03.22"]
[WhiteClock "0:00:03"]
[BlackClock "0:00:11"]

1. Nf3 d5 2. d4 e6 3. c4 Nf6 4. Nc3 Be7 5. Bg5 O-O 6. e3 b6 7. cxd5 Nxd5 8. Bxe7 Qxe7 9. Nxd5 exd5 10. Qd2 c5 11. Be2 c4 12. O-O b5 13. a4 b4 14. a5 Nc6 15. Rfc1 a6 16. Ne5 Nxe5 17. dxe5 Qxe5 18. Qxb4 Rb8 19. Qc5 Rxb2 20. Bxc4 Qf6 21. Bxd5 Qxf2+ 22. Kh1 Be6 23. Bf3 Bh3 24. Rg1 h6 25. Qh5 Be6 26. Qe5 Rd8 27. Raf1 Qc2 28. Rc1 Qb3 29. Rc3 Qb5 30. Rc5 Qb4 31. Rc6 Rb1 32. h3 Rxg1+ 33. Kxg1 Bc4 34. Rc7 Qb1+ 35. Kh2 Qb8 36. Qf4 Be6 37. Rc6 Qb5 38. Qc7 Rf8 39. Rc5 Qd3 40. Rc3 Qd2 41. Qe5 Qb2 42. Qd4 Qb8+ 43. Qf4 Qb5 44. Qc7 Rc8 45. Qxc8+ Bxc8 46. Rxc8+ Kh7 47. Rf8 f6 48. Be4+ g6 49. Rf7+ Kg8 50. Bxg6 Qxa5 51. Ra7 Qe5+ 52. Kh1 a5 53. Bf7+ Kf8 54. Bc4 Qa1+ 55. Kh2 Qc3 56. Bd5 Qe5+ 0-1


[Site "https://www.chess.com"]

[Event "Titled Tuesday Blitz March 22 Late 2022"]
[White "Seul, Georg"]
[Black "Zanette, Edgard Vinicius"]
[WhiteFideId "4601653"]
[BlackFideId "2109263"]
[WhiteElo "2271"]
[BlackElo "2182"]
[Result "1-0"]
[Round "03"]
[TimeControl "180+1"]
[Date "2022.03.22"]
[WhiteClock "0:00:09"]
[BlackClock "0:00:02"]

1. e4 e5 2. Nc3 Nf6 3. f4 d5 4. fxe5 Nxe4 5. Qf3 f5 6. d3 Nxc3 7. bxc3 d4 8. Qg3 Nc6 9. Be2 Be6 10. c4 Bb4+ 11. Kd1 Qd7 12. Rb1 O-O-O 13. Bf3 Bc3 14. Ne2 Ba5 15. Rb5 b6 16. Nf4 Bg8 17. Nd5 a6 18. Rb1 Be6 19. Bf4 h6 20. h4 Rhg8 21. h5 Ne7 22. Nxe7+ Qxe7 23. Qg6 Rge8 24. Bc6 Rf8 25. Bd2 Bxd2 26. Kxd2 Qg5+ 27. Qxg5 hxg5 28. h6 g6 29. h7 Rh8 30. Rh6 Bf7 31. Re1 Be8 32. Bd5 c6 33. Be6+ Kc7 34. c5 b5 35. Bb3 a5 36. a3 Rd7 37. Reh1 Re7 38. e6 Rg7 39. c3 dxc3+ 40. Kxc3 Kd8 41. Kd4 Ke7 42. Ke5 1-0


[Site "https://www.chess.com"]

[Event "Titled Tuesday Blitz March 22 Late 2022"]
[White "Shuvalova, Polina"]
[Black "Manukian, Artak"]
[WhiteFideId "24171760"]
[BlackFideId "13301373"]
[WhiteElo "2355"]
[BlackElo "2441"]
[Result "1-0"]
[Round "03"]
[TimeControl "180+1"]
[Date "2022.03.22"]
[WhiteClock "0:01:19"]
[BlackClock "0:00:01"]

1. d4 Nf6 2. Nf3 d5 3. Bf4 e6 4. e3 a6 5. Bd3 c5 6. c3 Nc6 7. Nbd2 Bd6 8. dxc5 Bxc5 9. O-O O-O 10. Qe2 h6 11. Rfd1 Bd6 12. Bxd6 Qxd6 13. c4 Qe7 14. Rac1 Bd7 15. a3 Rfd8 16. b4 Rac8 17. cxd5 Nxd5 18. Ne4 Na7 19. Nc5 Bb5 20. h3 Nb6 21. Nd4 Bxd3 22. Rxd3 Nc6 23. Nxc6 Rxc6 24. Rxd8+ Qxd8 25. Rd1 Qe7 26. Qd3 Nd5 27. e4 Nf6 28. f3 g5 29. Qd8+ Qxd8 30. Rxd8+ Kg7 31. Rb8 b6 32. Nxa6 Nd7 33. Rb7 Ne5 34. Nc7 Nd3 35. b5 Rc1+ 36. Kh2 h5 37. Nxe6+ Kf6 38. Nd4 h4 39. Rxb6+ Kg7 40. Nf5+ 1-0


[Site "https://www.chess.com"]

[Event "Titled Tuesday Blitz March 22 Late 2022"]
[White "Silvestre, Christian"]
[Black "Coelho, Ramyres Santana"]
[WhiteFideId "30956269"]
[BlackFideId "2120690"]
[WhiteElo "2427"]
[BlackElo "1888"]
[Result "0-1"]
[Round "03"]
[TimeControl "180+1"]
[Date "2022.03.22"]
[WhiteClock "0:00:01"]
[BlackClock "0:01:52"]

1. Nf3 c5 2. e4 d6 3. d4 cxd4 4. Nxd4 Nf6 5. Nc3 a6 6. Bc4 e6 7. Bb3 Be7 8. g4 O-O 9. g5 Nfd7 10. h4 Nc6 11. Be3 Qc7 12. f4 b5 13. Nxc6 Qxc6 14. Nd5 Bd8 15. Rg1 Rb8 16. Nf6+ gxf6 17. gxf6+ Kh8 18. Qg4 Bxf6 19. e5 dxe5 20. f5 Bb7 21. fxe6 Rg8 22. Qxg8+ Rxg8 23. Rxg8+ Kxg8 24. exf7+ Kh8 25. Bh6 Qe4+ 26. Kd1 Qf3+ 27. Kd2 Qf2+ 28. Kd3 Nc5+ 29. Kc3 Qd4# 0-1


[Site "https://www.chess.com"]

[Event "Titled Tuesday Blitz March 22 Late 2022"]
[White "Sliwicki, Damian"]
[Black "Donchenko, Alexander"]
[WhiteFideId "1127128"]
[BlackFideId "24603295"]
[WhiteElo "2067"]
[BlackElo "2539"]
[Result "1-0"]
[Round "03"]
[TimeControl "180+1"]
[Date "2022.03.22"]
[WhiteClock "0:00:08"]
[BlackClock "0:00:03"]

1. e4 c5 2. Nf3 d6 3. d4 cxd4 4. Qxd4 Nf6 5. Bg5 e6 6. Bb5+ Bd7 7. Bxd7+ Nbxd7 8. Nc3 h6 9. Bh4 Be7 10. O-O-O Qa5 11. Kb1 O-O 12. g4 Rac8 13. g5 hxg5 14. Bxg5 Ne5 15. Nxe5 Qxe5 16. Qxe5 dxe5 17. Bxf6 Bxf6 18. Rd7 Rb8 19. a4 a6 20. Rhd1 Rfc8 21. f3 g6 22. R1d3 Kg7 23. Ka2 Rh8 24. Rd2 Bg5 25. R2d6 Rbd8 26. Kb3 Rxd7 27. Rxd7 Rb8 28. a5 Kf8 29. Na4 Be7 30. Nb6 Ke8 31. Rd2 Bc5 32. Nd7 Rd8 33. Nf6+ Ke7 34. Rxd8 Kxd8 35. Kc4 Bd6 36. b4 Ke7 37. Ng4 f5 38. Nf2 Kf6 39. b5 axb5+ 40. Kxb5 Bc7 41. Nd3 Kg5 42. c4 Kh4 43. c5 Kh3 44. a6 bxa6+ 45. Kc6 Ba5 46. Nxe5 g5 47. Kd7 fxe4 48. fxe4 Kxh2 49. c6 Kg3 50. Kxe6 Kf4 51. Kd5 Bc7 52. Ng6+ Kf3 53. e5 g4 54. e6 g3 55. e7 g2 56. e8=Q g1=Q 57. Qe4+ Kg3 58. Qd3+ Kg4 59. Ne5+ Kf4 60. Qf3+ Kg5 61. Nf7+ Kg6 62. Ne5+ Bxe5 63. Kxe5 Qc5+ 64. Qd5 Qc3+ 65. Kd6 Qb4+ 66. Qc5 Qf4+ 67. Qe5 Qb4+ 68. Ke6 Qc4+ 69. Qd5 Qg4+ 70. Kd6 Qf4+ 71. Kd7 Kh7 72. Qd6 Qf5+ 73. Qe6 Qd3+ 74. Qd6 Qf5+ 75. Qe6 Qd3+ 76. Ke7 Qa3+ 77. Kd8 Qd3+ 78. Qd7+ 1-0


[Site "https://www.chess.com"]